 Dungeon Crawl Stone Soup version 0.24.0-123-gd5b16e6ec5 (webtiles) character file.

Game seed: 7223132771755882005, levelgen mode: deterministic

8576 Goreval the Carver (level 11, -8/86 HPs)
             Began as a Barachi Summoner on Feb 5, 2020.
             Was an Elder of the Shining One.
             Splashed by Psyche's acid (14 damage)
             ... on level 10 of the Dungeon.
             The game lasted 00:36:18 (15875 turns).

Goreval the Carver (Barachi Summoner)              Turns: 15875, Time: 00:36:19

Health: -8/86      AC:  3    Str: 19    XL:     11   Next: 33%
Magic:  8/15       EV: 14    Int: 18    God:    the Shining One [****..]
Gold:   651        SH:  3    Dex: 14    Spells: 3/16 levels left

rFire    x . .     SeeInvis .   a - +5 long sword
rCold    + . .     Gourm    .   (no shield)
rNeg     + + .     Faith    .   u - +3 leather armour of Mubol {rElec Str+9 Dex-2}
rPois    .         Spirit   .   s - +0 helmet
rElec    +         Reflect  +   r - +0 cloak
rCorr    .         Harm     .   w - +0 pair of gloves
MR       .....                  l - +0 pair of boots
Stlth    +.........             h - +3 amulet of reflection
HPRegen  0.24/turn              x - ring of ice
MPRegen  0.14/turn              j - +3 ring of dexterity

@: corroded, glowing, slow
A: +LOS, swims, slowness 1, strong legs 1
a: Hop, Divine Shield, Cleansing Flame, Renounce Religion


You were on level 10 of the Dungeon.
You worshipped the Shining One.
The Shining One was greatly pleased with you.
You were hungry.

You visited 2 branches of the dungeon, and saw 11 of its levels.

You collected 651 gold pieces.

Inventory:

Hand Weapons
 a - a +5 long sword (weapon)
 B - a +1 long sword of slicing
 E - a +3 great sword
Missiles
 d - 388 stones (quivered)
Armour
 f - +1 ice dragon scales
 l - a +0 pair of boots (worn)
 r - a +0 cloak (worn)
 s - a +0 helmet (worn)
 u - the +3 leather armour of Mubol (worn) {rElec Str+9 Dex-2}
   (You found it on level 5 of the Dungeon)

   It affects your strength (+9).
   It affects your dexterity (-2).
   It insulates you from electricity.
 w - a +0 pair of gloves (worn)
Magical Staves
 b - an uncursed staff of summoning
Jewellery
 h - a +3 amulet of reflection (around neck)
 j - a +3 ring of dexterity (right hand)
 p - an uncursed ring of flight
 x - a ring of ice (left hand)
 y - an uncursed amulet of magic regeneration
Wands
 k - a wand of flame (14)
Scrolls
 g - a scroll of remove curse
 n - 8 scrolls of teleportation
 z - 5 scrolls of blinking
Potions
 e - a potion of haste
 i - 3 potions of flight
 m - a potion of berserk rage
 o - 2 potions of curing
 q - 4 potions of might
 t - 2 potions of brilliance
 A - a potion of lignification
Comestibles
 c - 20 rations
 v - a chunk of flesh


   Skills:
 + Level 8.2 Fighting
 * Level 11.1 Long Blades
 - Level 6.0 Armour
 - Level 4.0 Dodging
 - Level 2.0 Stealth
 - Level 3.0 Spellcasting
 - Level 10.0 Summonings
 - Level 3.0 Ice Magic
 - Level 5.0 Air Magic
 + Level 5.3 Invocations


You had 3 spell levels left.
You knew the following spells:

 Your Spells              Type           Power        Failure   Level  Hunger
a - Summon Lightning Spi  Summ/Air       ####....     9%          4    ####...
b - Call Canine Familiar  Summ           #####...     1%          3    ###....
c - Call Imp              Summ           #####...     1%          2    ##.....
z - Summon Ice Beast      Ice/Summ       #####...     13%         4    ####...

Your spell library contained the following spells:

 Spells                   Type           Power        Failure   Level  Hunger
 Summon Small Mammal      Summ           ####         1%          1    None
 Summon Guardian Golem    Hex/Summ       ###.....     7%          3    ###....
 Magic Dart               Conj           #...         19%         1    None
 Searing Ray              Conj           #.....       28%         2    ##.....
 Throw Flame              Conj/Fire      #.....       28%         2    ##.....
 Dazzling Spray           Conj/Hex       #.....       50%         3    ###....
 Gell's Gravitas          Tloc           #.........   50%         3    ###....
 Force Lance              Conj/Tloc      #.......     88%         4    ####...
 Fulminant Prism          Conj/Hex       #.........   88%         4    ####...
 Iskenderun's Mystic Bla  Conj           #.......     88%         4    ####...
 Leda's Liquefaction      Hex/Erth       #.........   88%         4    ####...
 Bolt of Magma            Conj/Fire/Erth #.........   99%         5    ######.
 Fireball                 Conj/Fire      #.........   99%         5    ######.
 Iron Shot                Conj/Erth      #.........   100%        6    #######
 Statue Form              Tmut/Erth      #........    100%        6    #######
 Shatter                  Erth           #.........   100%        9    #######


Dungeon Overview and Level Annotations

Branches:
Dungeon (10/15)            Temple (1/1) D:4
   Lair: D:8-11         Orc: D:9-12

Altars:
Ashenzari
Cheibriados
Dithmenos
Elyvilon
Fedhas
Gozag
Hepliaklqana
Kikubaaqudgha
Makhleb
Nemelex Xobeh
Okawaru
Qazlal
Ru
Sif Muna
Trog
Uskayaw
Vehumet
Wu Jian
Xom
Yredelemnul
Zin
The Shining One

Shops:
D:7 [   D:8 %

Annotations:
D:2 exclusion: oklob plant
D:4 1 runed translucent door, McKennaii's ghost, amateur DrCj
D:9 1 transporter, Xerdoz's ghost, novice OpTm
D:10 Psyche


Innate Abilities, Weirdness & Mutations

Shadows flee at your approach. (+LOS)
You can swim through water.
You cover ground slowly.
You can hop short distances.


Message History

The bolt of acid hits you! The acid corrodes you!
You are splashed with acid!
Unknown command.
Psyche zaps a wand.
The bolt of acid hits you.
You are splashed with acid!
The bolt of acid misses your wolf. Psyche gestures at you while chanting.
The puff of frost hits your wolf.
Your wolf bites Psyche.
Psyche points at you and mumbles some strange words.
The puff of flame hits your wolf!
You feel a surge of power! A chill wind blows around you.
You are feeling hungry.
Your wolf bites Psyche!
Psyche zaps a wand.
The bolt of acid hits your wolf!!
Your wolf is splashed with acid.
Your wolf dies!
Your wolf's corpse disappears in a puff of smoke!
The bolt of acid hits you!!
* * * LOW HITPOINT WARNING * * *
The acid corrodes you!
You are splashed with acid!
You die...

## ### .. ..##.########
#.###.#.#.....@§.#
.#...#..#.######@# #.....#
#.# #..#..# #Y##########
#.....### #....>.....#
.#...#..# ##########.###
#)###.#.#.######....÷......)#
..#....##...........#####.#.#
###.#########.#####..####.#.#
........###.....###.......#.#


You could see Psyche and a friendly ice beast.

Vanquished Creatures
  2 centaur warriors
  A death knight (D:10)
  A two-headed ogre (D:10)
  A flayed ghost (D:10)
  A troll (D:10)
  A hippogriff (D:7)
  A wyvern (D:9)
  2 hungry ghosts
  2 water moccasins
  An orc warrior (D:6)
  3 phantoms
  2 sky beasts
  5 black bears
  2 ice beasts
  4 ogres
  A centaur (D:6)
  6 bullfrogs
  A wyvern skeleton (D:9)
  3 scorpions
  A killer bee (D:9)
  6 wights
  2 crimson imps
  2 bullfrog zombies
  A quasit (D:10)
  An orc priest (D:6)
  2 hounds
  4 orc wizards
  A jelly (D:10)
  3 worker ants
  2 hound skeletons
  2 worker ant zombies
  Robin (D:3)
  4 adders
  A gnoll (D:4)
  A shadow imp (D:10)
  3 adder skeletons
  2 worms
  2 leopard geckos
  15 orcs
  4 giant cockroaches
  3 hobgoblins
  5 jackals
  5 kobolds
  A quokka (D:10)
  5 bats
  2 frilled lizards
  6 goblins (D:3)
  A jackal zombie (D:7)
  A leopard gecko skeleton (D:6)
  A quokka skeleton (D:4)
  2 rats (D:2)
132 creatures vanquished.

Vanquished Creatures (collateral kills)
  2 two-headed ogres (D:10)
  A merfolk (D:9)
  2 orc warriors
  An ice beast (D:9)
  A black bear (D:7)
  A phantom (D:7)
  4 ogres
  A crocodile (D:10)
  2 centaurs
  A bullfrog (D:10)
  A wyvern zombie (D:8)
  A scorpion (D:5)
  2 wights
  3 killer bees (D:9)
  2 howler monkeys (D:9)
  A crimson imp (D:6)
  2 hounds
  A bullfrog zombie (D:10)
  A jelly (D:6)
  A centaur skeleton (D:4)
  2 orc priests
  An orc wizard (D:5)
  A bullfrog skeleton (D:5)
  A worker ant (D:10)
  A howler monkey zombie (D:10)
  7 gnolls (D:4)
  4 adders
  2 oozes
  An adder skeleton (D:4)
  2 worms
  5 dart slugs
  3 leopard geckos
  13 orcs
  A giant cockroach (D:1)
  12 goblins
  6 hobgoblins
  4 jackals
  A quokka (D:9)
  2 bats
  5 frilled lizards
  6 kobolds
  A quokka zombie (D:10)
  4 rats (D:1)
116 creatures vanquished.

Grand Total: 248 creatures vanquished

Notes
Turn   | Place    | Note
-------+----------+-------------------------------------------
     0 | D:1      | Goreval the Barachi Summoner began the quest for the Orb.
     0 | D:1      | Reached XP level 1. HP: 13/13 MP: 3/3
     6 | D:1      | Noticed a minotaur skeleton
    19 | D:1      | Noticed a minotaur skeleton
   332 | D:1      | Reached skill level 5 in Summonings
   338 | D:1      | Reached XP level 2. HP: 4/19 MP: 1/5
   592 | D:1      | Learned a level 2 spell: Call Imp
  1183 | D:1      | Reached XP level 3. HP: 24/24 MP: 2/6
  1648 | D:1      | Learned a level 3 spell: Call Canine Familiar
  1818 | D:2      | Found a blossoming altar of Fedhas.
  1819 | D:2      | Noticed an oklob plant
  3019 | D:2      | Reached XP level 4. HP: 30/30 MP: 2/8
  4234 | D:3      | Noticed Robin
  4304 | D:3      | Killed Robin
  4747 | D:3      | Reached XP level 5. HP: 35/35 MP: 9/9
  5289 | D:4      | Found a staircase to the Ecumenical Temple.
  5309 | D:4      | Noticed an ogre
  5314 | D:4      | Killed an ogre
  5314 | D:4      | Reached skill level 1 in Fighting
  5340 | Temple   | Entered the Ecumenical Temple
  5472 | Temple   | Became a worshipper of the Shining One
  5728 | D:4      | Found a runed translucent door.
  6029 | D:4      | Learned a level 4 spell: Summon Lightning Spire
  6397 | D:4      | Reached XP level 6. HP: 37/43 MP: 6/10
  6438 | D:4      | Noticed McKennaii's ghost (amateur DrCj)
  6496 | D:4      | Found Wyrghoi's Antique Weapon Emporium.
  6967 | D:5      | Entered Level 5 of the Dungeon
  6971 | D:5      | Reached skill level 1 in Air Magic
  7429 | D:5      | Noticed a sky beast
  8429 | D:5      | Reached XP level 7. HP: 51/51 MP: 7/11
  8443 | D:5      | Got an ancient leather armour
  8456 | D:5      | Identified the +3 leather armour of Mubol {rElec Str+9
                  | Dex-2} (You found it on level 5 of the Dungeon)
  8548 | D:5      | Reached skill level 1 in Long Blades
  8816 | D:5      | Reached * piety under the Shining One
  9317 | D:4      | Reached skill level 2 in Long Blades
  9415 | D:6      | Reached XP level 8. HP: 57/58 MP: 10/12
  9438 | D:6      | HP: 1/58 [centaur/arrow (4)]
  9757 | D:6      | Reached skill level 3 in Long Blades
  9811 | D:6      | Learned a level 4 spell: Summon Ice Beast
  9957 | D:5      | Reached skill level 5 in Air Magic
 10039 | D:6      | HP: 3/60 [orc warrior/+0 long sword (12)]
 10243 | D:6      | Reached skill level 1 in Armour
 10243 | D:6      | Reached skill level 1 in Ice Magic
 10898 | D:6      | Reached skill level 4 in Long Blades
 11126 | D:7      | Reached XP level 9. HP: 52/65 MP: 4/13
 11246 | D:7      | Reached skill level 10 in Summonings
 11375 | D:7      | Found Tikled's Armour Shop.
 11499 | D:7      | Reached skill level 5 in Long Blades
 11892 | D:7      | Reached skill level 1 in Invocations
 12456 | D:8      | Found an ornate altar of the Wu Jian Council.
 12474 | D:8      | Reached skill level 6 in Long Blades
 12475 | D:8      | Found Moypt's Food Boutique.
 12492 | D:8      | Reached ** piety under the Shining One
 12613 | D:8      | Reached skill level 5 in Fighting
 13251 | D:9      | Reached skill level 7 in Long Blades
 13375 | D:9      | Noticed a merfolk
 13394 | D:9      | Killed a merfolk
 13394 | D:9      | Reached XP level 10. HP: 74/74 MP: 8/14
 13448 | D:9      | Reached skill level 5 in Armour
 13845 | D:9      | Found a transporter.
 13846 | D:9      | Reached skill level 8 in Long Blades
 13849 | D:9      | Noticed Xerdoz's ghost (novice OpTm)
 13850 | D:9      | Identified the +6 dire flail of Cadda {antimagic, rC+
                  | Dex+5}
 13850 | D:9      | Noticed a two-headed ogre
 13850 | D:9      | Noticed a two-headed ogre
 14134 | D:10     | Entered Level 10 of the Dungeon
 14134 | D:10     | Noticed a two-headed ogre
 14141 | D:10     | Killed a two-headed ogre
 14181 | D:10     | Noticed a two-headed ogre
 14189 | D:10     | Killed a two-headed ogre
 14245 | D:10     | Noticed a two-headed ogre
 14255 | D:10     | Killed a two-headed ogre
 14255 | D:10     | Reached skill level 9 in Long Blades
 14388 | D:10     | Reached *** piety under the Shining One
 14815 | D:10     | Noticed a death knight
 14817 | D:10     | Noticed a centaur warrior
 14831 | D:10     | Killed a centaur warrior
 14831 | D:10     | Reached skill level 10 in Long Blades
 14831 | D:10     | Reached XP level 11. HP: 59/84 MP: 7/15
 14855 | D:10     | Noticed a centaur warrior
 14860 | D:10     | Noticed a flayed ghost
 14860 | D:10     | Reached **** piety under the Shining One
 14872 | D:9      | Killed a centaur warrior
 15090 | D:10     | Reached skill level 5 in Invocations
 15220 | D:10     | Killed a death knight
 15455 | D:10     | Killed a flayed ghost
 15455 | D:10     | Reached skill level 11 in Long Blades
 15798 | D:10     | Identified Sif Muna's Almanac of the Quantum Volcanoes
 15870 | D:10     | Noticed Psyche
 15875 | D:10     | Splashed by Psyche's acid

Levels and vault maps discovered:
D:1:      shiori_arrival_whats_in_store_for_you, layout_basic,
          minmay_misc_feat_chi, minmay_misc_feat_diagonals,
          kennysheep_decorative_pillar, minmay_bisected
D:2:      layout_loops_ring, tgw_fedhas
D:3:      layout_loops_corners, first_ration, uniq_robin
D:4:      layout_basic, minmay_temple_entry_mini_moons,
          hellmonk_ghost_happy_afterlife, serial_shops, shop,
          corexii_item_surrounded_by_moat, kennysheep_minor_cross,
          grunt_tough_drop
D:5:      layout_basic, serial_bayou_ford_a
D:6:      layout_cave_pools, tgw_xom
D:7:      wander_river, layout_layer_cave, serial_shops, shop
D:8:      layout_basic, old_standard_altar, serial_shops, shop, minivault_23
D:9:      layout_loops_corners, gammafunk_ghost_smash, hangedman_fish_farm
D:10:     minmay_the_grid_plus [minmay_the_grid_spin_star,
          minmay_the_grid_plusring, minmay_the_grid_eight,
          minmay_the_grid_medium_cups, minmay_the_grid_prize_shrinking_boxes],
          layout_loops_ring, uniq_psyche
Temple:   kilobyte_greek_temple

Skill      XL: |  1  2  3  4  5  6  7  8  9 10 11 |
---------------+----------------------------------+-----
Summonings     | 5 6 7 8 9 10 | 10.0
Stealth        | 2 |  2.0
Dodging        | 3 4 |  4.0
Spellcasting   | 3 |  3.0
Fighting       | 1 2 3 4 5 7 8 |  8.2
Air Magic      | 2 3 5 |  5.0
Long Blades    | 2 4 7 10 11 | 11.1
Armour         | 2 4 6 |  6.0
Ice Magic      | 2 3 |  3.0
Invocations    | 2 4 5 |  5.3

Action                   |  1- 3 |  4- 6 |  7- 9 | 10-12 || total
-------------------------+-------+-------+-------+-------++-------
Melee: Unarmed           |    11 |       |       |       ||    11
       Dagger            |   148 |   236 |       |       ||   384
       Whip              |     8 |       |       |       ||     8
       Falchion          |       |    41 |       |       ||    41
       Long sword        |       |     6 |   206 |   154 ||   366
Throw: Stone             |    19 |     4 |    15 |       ||    38
 Cast: Summon Small Mamm |    34 |     2 |       |       ||    36
       Call Imp          |    14 |    15 |       |       ||    29
       Call Canine Famil |     6 |    24 |    26 |     9 ||    65
       Summon Lightning  |       |     8 |     8 |    11 ||    27
       Summon Ice Beast  |       |       |     6 |    13 ||    19
 Abil: Hop               |       |     3 |     3 |     1 ||     7
  Use: Scroll            |       |     9 |     3 |     6 ||    18
       Potion            |       |       |       |     3 ||     3
 Stab: Distracted        |     2 |       |       |       ||     2
  Eat: Chunk             |     9 |    13 |    21 |    11 ||    54
       Ration            |       |     3 |     2 |     1 ||     6
Armor: Robe              |     3 |    27 |       |       ||    30
       Ring mail         |    64 |    64 |       |       ||   128
       Leather armour    |       |       |    73 |    44 ||   117
Dodge: Dodged            |   121 |   186 |   167 |    92 ||   566
       Rpst.: Falchion   |       |    13 |       |       ||    13
       Long sword        |       |     1 |    50 |    31 ||    82
